 Dungeon Crawl Stone Soup version 0.31-a0-1068-g5939ac1fb6 (webtiles) character file.

Game seed: 16041456841480813345

27 Azuregosa the Trooper (level 2, -1/29 HPs)
             Began as a Troll Gladiator on Nov 25, 2023.
             Slain by Terence
             ... wielding a +1 short sword of protection
              (5 damage)
             ... on level 2 of the Dungeon.
             The game lasted 00:02:10 (601 turns).

Azuregosa the Trooper (Troll Gladiator)              Turns: 601, Time: 00:02:12

Health: -1/29      AC:  4    Str: 21    XL:     2   Next: 93%
Magic:  1/1        EV: 10    Int:  4    God:
Gold:   65         SH:  0    Dex: 11    Spells: 1/1 levels left

rFire   . . .        a - +0 rapier
rCold   + . .        (no shield)
rNeg    . . .        b - +0 robe
rPois   .            c - +0 hat
rElec   .            (no cloak)
rCorr   .            (gloves unavailable)
SInv    .            (boots unavailable)
Will    .....        (no amulet)
Stlth   +            i - ring of protection from cold
HPRegen 1.04/turn    (no ring)
MPRegen 0.07/turn

%: no passive effects
@: no status effects
A: large, unfitting armour, claws 3, regeneration 1, shaggy fur 1, tough skin 1
a: no special abilities


You were on level 2 of the Dungeon.
You visited 1 branch of the dungeon, and saw 2 of its levels.

You collected 65 gold pieces.

Inventory:

Hand Weapons
 a - a +0 rapier (weapon)
Missiles
 d - 3 throwing nets (quivered)
 e - a large rock
 g - 11 stones
Armour
 b - a +0 robe (worn)
 c - a +0 hat (worn)
Jewellery
 i - a ring of protection from cold (left claw)
Scrolls
 h - a scroll of fear {unknown}
Potions
 f - a potion of lignification {unknown}


   Skills:
 + Level 2.8 Fighting
 - Level 2.4 Short Blades
 - Level 1.7 Throwing
 - Level 2.4 Dodging


You had one spell level left.
You didn't know any spells.
Your spell library contained the following spells:

 Spells                   Type           Power      Damage    Failure   Level
 Simulacrum               Ice/Necr       0%         N/A       100%        6
 Ozocubu's Refrigeration  Ice            0%         4d7       100%        7
 Polar Vortex             Ice            0%         N/A       100%        9


Dungeon Overview and Level Annotations

Branches:
Dungeon (2/15)

Altars:

Annotations:
D:2 Terence


Innate Abilities, Weirdness & Mutations

You are too large for most types of armour.
You have claws for hands.
Your natural rate of healing is unusually fast.
You are covered in fur. (AC +1)
You have tough skin. (AC +1)


Message History

* * * LOW HITPOINT WARNING * * *
The frilled lizard bites you.
* * * LOW HITPOINT WARNING * * *
The jackal bites you but does no damage.
You puncture Terence!
Terence is heavily wounded.
The jackal bites you but does no damage.
The jackal barely misses you.
Terence hits you with a +1 short sword of protection.
* * * LOW HITPOINT WARNING * * *
The frilled lizard closely misses you. The jackal bites you.
* * * LOW HITPOINT WARNING * * *
You hit Terence.
Terence is almost dead.
The jackal closely misses you.
The jackal bites you but does no damage.
Terence barely misses you. The frilled lizard bites you.
* * * LOW HITPOINT WARNING * * *
The jackal closely misses you.
You closely miss Terence.
Terence is almost dead.
The jackal bites you but does no damage.
The jackal barely misses you. Terence closely misses you.
The frilled lizard bites you but does no damage.
The jackal barely misses you.
You hit Terence but do no damage.
Terence is almost dead.
The jackal closely misses you. x2
Terence hits you with a +1 short sword of protection.
* * * LOW HITPOINT WARNING * * *
The frilled lizard bites you but does no damage.
A hobgoblin comes into view.
The jackal barely misses you.
The hobgoblin shouts!
You hit Terence but do no damage.
Terence is almost dead.
The jackal barely misses you.
Terence hits you with a +1 short sword of protection.
You die...
Terence says, "Rest in peace."

#.##########...g
..#$.....#.......#
..#..............#
.................#
#................
#......)........#
#.......@.l......
###.......)@hg!....
............h....##
####..<........##
#######........
......#.. .#..### #
. .## #. .#


You could see Terence, 2 jackals, 2 hobgoblins and a frilled lizard.

Vanquished Creatures
  2 dart slugs (D:1)
  5 ball pythons (D:1)
  An endoplasm (D:1)
  3 goblins (D:1)
  3 hobgoblins (D:1)
  2 kobolds
  2 quokkas (D:1)
  2 bats (D:1)
  A frilled lizard (D:1)
  A rat (D:1)
22 creatures vanquished.

Notes
Turn   | Place    | Note
-------+----------+-------------------------------------------
     0 | D:1      | Azuregosa the Troll Gladiator began the quest for the Orb.
     0 | D:1      | Reached XP level 1. HP: 19/19 MP: 0/0
   102 | D:1      | Reached XP level 2. HP: 22/28 MP: 1/1
   585 | D:2      | Noticed Terence
   601 | D:2      | Slain by Terence

Illustrated notes

Levels and vault maps discovered:
D:1:      lightli_arrival_farm, layout_basic, hangedman_decor_opposing
D:2:      layout_rooms, minmay_surrounded, uniq_terence, uniq_natasha

Skill      XL: |  1 |
---------------+----+-----
Fighting       | 2 |  2.8
Short Blades   | |  2.4
Throwing       | |  1.7
Dodging        | |  2.4

Action                     || total
---------------------------++-------
  Melee: Rapier            ||    85
         Punch             ||     1
 Armour: Robe              ||    69
  Dodge: Dodged            ||    63

Table legend: (Time is in decaauts)
 A = Elapsed time spent in this place.
 B = Non-inter-level travel time spent in this place.
 C = Inter-level travel time spent in this place.
 D = Time resting spent in this place.
 E = Time spent auto-exploring this place.
 F = Levels seen in this place.
 G = Mean time per level.
                   A        B        C        D        E       F      G
               +--------+--------+--------+--------+--------+-----+--------+
         Total |    607 |    607 |      0 |      0 |    349 |   2 |  303.5 |
       Dungeon |    607 |    607 |      0 |      0 |    349 |   2 |  303.5 |
               +--------+--------+--------+--------+--------+-----+--------+

Top non-repeatable levels by time:
     D:1: 590 daAuts
     D:2: 16 daAuts
